Map: Ruins of Seras

Players

Lilbow

  • Race: Protoss Protoss
  • League: Grandmaster

MarineLorD - Winner!

  • Race: Terran Terran
  • League: Grandmaster

Event: 2016 WCS Winter Challenger Europe

VOD

Have the link to the VOD?

Description

Time

  • Played on: Feb. 13, 2016, 12:18 p.m.
  • Length: 10:26

All games in this series

Show
View Real Time Build Order
Export as new Build Order

Lilbow Protoss 

Build Orders: 1 Gate Expand, Oracle Opening 

Get SALT Encoding   

  12  0:00  Probe (Chrono Boost)  
  13  0:11  Probe (Chrono Boost)  
  14  0:19  Pylon  
  14  0:22  Probe (Chrono Boost)  
  15  0:37  Probe (Chrono Boost), Gateway  
  16  0:48  Probe (Chrono Boost)  
  16  0:49  Assimilator  
  17  0:58  Probe (Chrono Boost)  
  18  1:09  Probe (Chrono Boost)  
  19  1:19  Probe (Chrono Boost)  
  20  1:26  Nexus  
  20  1:34  Cybernetics Core  
  20  1:39  Assimilator  
  20  1:43  Probe (Chrono Boost)  
  21  1:53  Probe (Chrono Boost)  
  21  1:54  Pylon  
  22  2:04  Probe (Chrono Boost)  
  23  2:12  Adept (Chrono Boost)  
  23  2:15  Probe  
  26  2:20  Stargate  
  26  2:27  Probe, Warp Gate  
  27  2:39  Probe x2  
  28  2:45  Adept (Chrono Boost)  
  28  2:50  Probe  
  30  2:51  Probe  
  32  3:00  Probe  
  32  3:03  Probe  
  32  3:04  Oracle (Chrono Boost)  
  37  3:11  Probe  
  38  3:15  Probe  
  38  3:17  Pylon  
  39  3:21  Probe  
  40  3:27  Probe (Chrono Boost)  
  40  3:33  Probe (Chrono Boost)  
  42  3:39  Probe (Chrono Boost)  
  43  3:42  Nexus  
  43  3:44  Probe (Chrono Boost)  
  44  3:50  Probe (Chrono Boost)  
  44  3:51  Twilight Council  
  44  3:55  Probe (Chrono Boost)  
  46  3:56  Assimilator  
  46  4:00  Probe (Chrono Boost)  
  47  4:05  Probe (Chrono Boost)  
  47  4:09  Gateway  
  48  4:10  Gateway  
  48  4:11  Probe (Chrono Boost)  
  48  4:14  Assimilator  
  48  4:16  Probe (Chrono Boost)  
  50  4:19  Pylon  
  50  4:21  Probe (Chrono Boost)  
  51  4:28  Blink (Chrono Boost)  
  51  4:32  Probe (Chrono Boost), Stalker  
  51  4:35  Pylon  
  54  4:54  Gateway  
  54  4:55  Stalker, Gateway  
  56  5:00  Gateway  
  56  5:05  Stalker, Sentry  
  60  5:09  Mothership Core  
  60  5:13  Pylon  
  62  5:17  Pylon  
  62  5:18  Sentry  
  61  5:24  Pylon  
  61  5:26  Sentry  
  61  5:27  Stalker  
  65  5:38  Stalker  
  67  5:45  Probe x2  
  67  5:47  Stalker x2  
  67  5:48  Pylon  
  73  5:50  Stalker x2  
  71  5:58  Stalker  
  71  6:01  Stalker  
  63  6:09  Stalker x2  
  65  6:13  Oracle (Chrono Boost)  
  68  6:18  Stalker x2  
  68  6:21  Probe x3  
  75  6:29  Pylon  
  75  6:33  Probe x3  
  75  6:38  Stalker x2  
  82  6:41  Stalker  
  84  6:47  Stalker  
  84  6:51  Stalker  
  84  6:52  Stalker  
  90  7:00  Stalker  
  90  7:01  Stalker  
  94  7:08  Pylon  
  94  7:11  Stalker x2  
  98  7:15  Stalker x2  
  98  7:17  Resonating Glaives  
  102  7:23  Adept x2  
  106  7:37  Adept x2  
  106  7:39  Adept x2  
  106  7:42  Adept x2  
  118  7:44  Pylon  
  118  7:59  Adept x2  
  118  8:00  Adept  
  118  8:03  Adept x2  
  118  8:04  Adept  
  130  8:12  Forge  
  130  8:13  Robotics Facility  
  130  8:30  Pylon  
  130  8:31  Pylon  
  130  8:32  Pylon  
  130  8:39  Probe  
  130  8:40  Probe x2  
  133  8:41  Assimilator  
  130  8:49  Adept x4  
  130  8:50  Adept x2  
  130  8:55  Probe x3  
  144  8:59  Assimilator  
  144  9:02  Observer (Chrono Boost)  
  146  9:09  Templar Archives  
  144  9:23  Nexus  
  144  9:25  Adept x4  
  144  9:26  Adept x2  
  144  9:31  Gateway  
  156  9:32  Gateway  
  154  9:39  Assimilator  
  154  9:43  Assimilator  
  154  9:47  High Templar  
  154  9:50  Adept  
  132  10:16  Adept x3  
  132  10:17  Adept x2  
Show
View Real Time Build Order
Export as new Build Order

MarineLorD Terran - Winner!

Build Orders: Reaper Expand, MMM Bio 

Get SALT Encoding   

  12  0:00  SCV  
  13  0:13  SCV  
  14  0:17  Supply Depot  
  14  0:25  SCV  
  15  0:39  SCV  
  15  0:40  Barracks  
  16  0:45  Refinery  
  16  0:51  SCV  
  17  1:03  SCV  
  18  1:15  SCV  
  19  1:27  Reaper  
  19  1:28  Orbital Command  
  20  1:44  Command Center  
  20  1:52  Supply Depot  
  20  1:56  SCV  
  21  2:01  Barracks Reactor  
  21  2:08  SCV  
  22  2:12  Barracks  
  22  2:19  Barracks  
  22  2:22  SCV  
  23  2:34  SCV  
  24  2:42  Marine x2  
  26  2:46  SCV  
  27  2:56  Orbital Command  
  27  2:58  SCV  
  27  3:01  Bunker, Barracks Tech Lab, Marine x2  
  30  3:07  Marine  
  30  3:10  SCV  
  32  3:18  Supply Depot  
  32  3:19  Marine  
  32  3:20  Stimpack  
  32  3:23  SCV  
  32  3:26  Marine x2  
  36  3:27  Marine  
  36  3:31  SCV  
  38  3:35  SCV  
  38  3:37  Marine  
  40  3:43  SCV  
  40  3:45  Marine x2  
  40  3:46  Marine  
  40  3:47  SCV  
  45  3:51  Engineering Bay  
  45  3:55  SCV  
  46  3:59  Marauder, SCV  
  49  4:05  Marine x2  
  49  4:06  Barracks Tech Lab  
  49  4:07  SCV  
  52  4:10  Supply Depot  
  52  4:11  SCV  
  52  4:12  Supply Depot  
  52  4:15  Supply Depot  
  53  4:21  Missile Turret, SCV  
  54  4:25  Combat Shields  
  54  4:32  Marauder x2, SCV  
  54  4:33  Supply Depot, Marine  
  54  4:35  Marine  
  61  4:39  SCV  
  61  4:44  SCV  
  63  4:45  Missile Turret  
  63  4:46  Supply Depot  
  63  4:51  SCV  
  63  4:54  Marauder x2  
  63  4:55  Marine x2  
  63  4:56  SCV  
  70  5:00  Refinery  
  70  5:02  Refinery  
  70  5:05  Supply Depot  
  70  5:13  Factory, SCV  
  71  5:19  Marauder, Marine x2  
  71  5:21  Marine  
  76  5:24  Supply Depot  
  76  5:30  Concussive Shells  
  76  5:32  Refinery  
  76  5:34  Barracks, SCV  
  76  5:35  SCV  
  78  5:36  Barracks  
  77  5:46  SCV  
  77  5:47  SCV  
  77  5:49  Marine x2  
  81  5:51  Marine  
  76  5:57  Marine  
  76  5:58  SCV  
  76  5:59  SCV  
  70  6:07  Marine x2  
  70  6:09  Marine  
  70  6:11  Factory Reactor, SCV, Starport  
  66  6:13  Terran Infantry Weapons Level 1  
  67  6:19  Marauder  
  67  6:23  Barracks Reactor, Barracks Tech Lab  
  70  6:25  Marine x2  
  70  6:27  Marauder  
  72  6:40  Marauder  
  72  6:43  Command Center, Marine x2  
  72  6:44  Marauder  
  78  6:48  Marauder  
  78  6:53  Medivac x2  
  84  6:54  SCV x2  
  84  6:55  Supply Depot  
  84  6:58  Supply Depot  
  84  7:00  Marine x2  
  88  7:01  Marine x2  
  88  7:02  Marauder  
  88  7:06  Marauder, SCV x2  
  96  7:09  Widow Mine  
  96  7:10  Marauder  
  100  7:17  Marine  
  100  7:18  Marine  
  100  7:19  SCV x2  
  100  7:20  Marine  
  100  7:22  Marine  
  106  7:23  Marauder, Medivac x2  
  106  7:27  Marauder  
  114  7:31  Marine  
  114  7:35  Marine x2  
  117  7:38  Marine  
  117  7:43  Supply Depot  
  118  7:44  Supply Depot  
  118  7:45  Marauder  
  118  7:47  Marine  
  118  7:48  Marauder, Marine  
  124  7:53  Medivac  
  124  7:55  Medivac, Marine  
  124  7:56  Orbital Command  
  129  8:00  Supply Depot  
  129  8:02  Marine  
  129  8:05  SCV x2  
  132  8:06  Marauder  
  132  8:07  Marauder, Terran Infantry Armor Level 1  
  132  8:10  Marauder  
  138  8:17  SCV x2  
  140  8:20  Orbital Command  
  140  8:21  Marine  
  140  8:22  Liberator, Marine x2  
  140  8:23  Liberator  
  140  8:24  Missile Turret  
  143  8:27  Marauder  
  143  8:28  Marine  
  143  8:29  SCV x2, Marine  
  155  8:41  SCV  
  155  8:45  Marine  
  155  8:46  Marauder  
  155  8:47  SCV  
  160  8:53  SCV  
  160  8:55  Supply Depot  
  161  8:56  Supply Depot, Marauder, Marine  
  161  8:58  Marine  
  165  9:04  Factory Reactor, Liberator  
  165  9:06  Liberator  
  165  9:09  Supply Depot  
  165  9:16  Marauder, Marine x5  
  172  9:22  Marauder  
  180  9:34  Marauder, Marine x2  
  180  9:38  Marauder, Marine x2  
  185  9:44  Marauder  
  189  9:59  Marine  
  189  10:00  Marine  
  189  10:02  Marauder  
  189  10:05  Marine  
Tags
 
Add a new tag
Caveats
  • Supply blocks, unpowered buildings, or Contaminate may cause inaccurate times.
  • Supply counts are checked every 10 seconds.